General information
- name: BNet
- type: Ladder team game (AT/RT)
- host: Battle.net
- saver: THE_NBA_SUX_LOL
map: FullScaleAssault
- players: 8
- length: 31:29
- speed: Fast
- version: 1.28 W3XP
- replay type: Public
» download(249 KB)
Players
team 1 (winner)

»
Kolozal (
blue | 45 APM | 652 actions | 14:30)
3 Paladin
2 Holy Light
1 Devotion Aura
1 Archmage
1 Brilliance Aura
» actions
| Assign group hotkey | 15 | |
| Basic commands | 42 | |
| Build / train | 33 | |
| Enter build submenu | 22 | |
| Enter hero's abilities submenu | 4 | |
| Right click | 218 | |
| Select / deselect | 116 | |
| Select group hotkey | 177 | |
| Use ability | 25 | |
652 total
» units
| Peasant | 7 | |
| Footman | 7 | |
| Goblin Shredder | 1 | |
| Knight | 5 | |
| Goblin Zeppelin | 1 | |
21 total
» upgrades
| Plating | 2 | |
| Animal War Training | 1 | |
| Priest Training | 1 | |
4 total
» buildings
| Altar of Kings | 1 | |
| Farm | 11 | |
| Barracks | 2 | |
| Blacksmith | 1 | |
| Keep | 1 | |
| Castle | 1 | |
| Lumber Mill | 1 | |
| Arcane Sanctum | 1 | |
| Town Hall | 1 | |
20 total
» build order
00:08 Altar of Kings
00:14 Farm
00:55 Farm
01:11 Barracks
01:32 Farm
02:12 Farm
02:22 Blacksmith
02:58 Farm
03:49 Farm
03:51 Keep
04:29 Farm
05:13 Farm
05:51 Barracks
06:16 Castle
06:53 Lumber Mill
06:59 Farm
07:44 Farm
08:24 Farm
12:24 Arcane Sanctum
13:17 Town Hall
MrTobi (
yellow | 58 APM | 842 actions | 14:28)
3 Priestess of the Moon
1 Searing Arrows
2 Trueshot Aura
2 Keeper of the Grove
1 Entangling Roots
1 Thorns Aura
» actions
| Assign group hotkey | 64 | |
| Build / train | 46 | |
| Enter build submenu | 20 | |
| Enter hero's abilities submenu | 5 | |
| Give item / drop item | 2 | |
| Remove unit from queue | 1 | |
| Right click | 319 | |
| Select / deselect | 223 | |
| Select group hotkey | 128 | |
| Use ability | 34 | |
842 total
» units
| Wisp | 14 | |
| Archer | 4 | |
| Hippogryph | 5 | |
| Chimaera | 8 | |
31 total
» upgrades
| Strength of the Wild | 2 | |
| Reinforced Hides | 1 | |
| Corrosive Breath | 1 | |
4 total
» buildings
| Moon Well | 6 | |
| Altar of Elders | 1 | |
| Ancient of War | 1 | |
| Tree of Ages | 1 | |
| Hunter's Hall | 1 | |
| Tree of Eternity | 1 | |
| Ancient of Wind | 1 | |
| Chimaera Roost | 2 | |
| Tree of Life | 3 | |
| Ancient of Wonders | 1 | |
18 total
» build order
00:27 Moon Well
00:55 Altar of Elders
01:37 Ancient of War
02:05 Tree of Ages
02:10 Moon Well
02:39 Moon Well
03:24 Hunter's Hall
03:53 Moon Well
04:19 Moon Well
04:52 Tree of Eternity
05:23 Ancient of Wind
07:37 Chimaera Roost
07:37 Chimaera Roost
08:37 Tree of Life
10:04 Moon Well
10:50 Tree of Life
12:34 Tree of Life
13:00 Ancient of Wonders
» items
THE_NBA_SUX_LOL (
teal | 77 APM | 2425 actions | 31:29)
7 Blademaster
3 Wind Walk
3 Critical Strike
1 Bladestorm
1 Keeper of the Grove
1 Entangling Roots
1 Priestess of the Moon
1 Searing Arrows
» actions
| Assign group hotkey | 45 | |
| Basic commands | 41 | |
| Build / train | 119 | |
| Enter build submenu | 31 | |
| Enter hero's abilities submenu | 9 | |
| Give item / drop item | 3 | |
| Right click | 1045 | |
| Select / deselect | 286 | |
| Select group hotkey | 674 | |
| Use ability | 172 | |
2425 total
» units
| Peon | 20 | |
| Grunt | 3 | |
| Goblin Shredder | 5 | |
| Goblin Zeppelin | 1 | |
| Wind Rider | 1 | |
| Troll Batrider | 31 | |
| Chimaera | 5 | |
| Flying Machine | 9 | |
75 total
» upgrades
| Ranged Weapons | 2 | |
| Armor | 3 | |
| Reinforced Defenses | 2 | |
| Envenomed Spears | 1 | |
| Ensnare | 1 | |
| Liquid Fire | 2 | |
| Priest Training | 1 | |
| Sorceress Training | 1 | |
| Gunpowder | 1 | |
| Plating | 1 | |
| Strength of the Wild | 1 | |
| Reinforced Hides | 1 | |
| Masonry | 1 | |
| Flying Machine Bombs | 1 | |
| Flak Cannons | 1 | |
20 total
» buildings
| Altar of Storms | 1 | |
| Orc Burrow | 7 | |
| Barracks | 1 | |
| Voodoo Lounge | 2 | |
| Stronghold | 4 | |
| War Mill | 1 | |
| Great Hall | 4 | |
| Fortress | 2 | |
| Beastiary | 3 | |
| Watch Tower | 40 | |
| Workshop | 4 | |
| Moon Well | 3 | |
72 total
» build order
00:06 Altar of Storms
00:18 Orc Burrow
00:35 Barracks
01:23 Orc Burrow
01:55 Voodoo Lounge
02:54 Stronghold
02:54 Stronghold
02:54 Stronghold
02:54 Stronghold
03:54 War Mill
04:41 Great Hall
05:16 Orc Burrow
05:40 Fortress
05:40 Fortress
06:08 Beastiary
06:22 Beastiary
06:39 Beastiary
07:37 Watch Tower
07:38 Watch Tower
07:39 Watch Tower
09:25 Watch Tower
09:26 Watch Tower
09:32 Great Hall
09:34 Watch Tower
09:34 Watch Tower
09:35 Watch Tower
09:35 Watch Tower
09:36 Watch Tower
09:46 Watch Tower
10:47 Watch Tower
10:47 Watch Tower
10:48 Watch Tower
10:48 Watch Tower
11:20 Watch Tower
11:20 Watch Tower
11:45 Orc Burrow
11:58 Watch Tower
12:47 Watch Tower
12:48 Watch Tower
13:33 Watch Tower
13:33 Watch Tower
13:34 Watch Tower
13:34 Watch Tower
13:35 Watch Tower
14:23 Watch Tower
14:23 Watch Tower
14:23 Watch Tower
15:05 Watch Tower
15:05 Watch Tower
15:06 Watch Tower
15:06 Watch Tower
19:00 Voodoo Lounge
26:00 Orc Burrow
26:01 Orc Burrow
26:01 Orc Burrow
26:12 Workshop
26:13 Workshop
26:14 Workshop
26:14 Workshop
26:45 Moon Well
26:45 Moon Well
26:45 Moon Well
27:49 Great Hall
28:23 Great Hall
28:25 Watch Tower
28:25 Watch Tower
28:25 Watch Tower
28:26 Watch Tower
28:28 Watch Tower
28:28 Watch Tower
28:29 Watch Tower
28:29 Watch Tower
» items
| Healing Salve | 3 | |
| Orb of Lightning | 1 | |
| Scroll of Town Portal | 2 | |
6 total

»
ZSoft (
orange | 52 APM | 712 actions | 13:47)
4 Blademaster
2 Wind Walk
2 Critical Strike
3 Shadow Hunter
1 Healing Wave
2 Serpent Ward
» actions
| Assign group hotkey | 15 | |
| Basic commands | 3 | |
| Build / train | 41 | |
| Enter build submenu | 13 | |
| Enter hero's abilities submenu | 7 | |
| Give item / drop item | 2 | |
| Remove unit from queue | 1 | |
| Right click | 273 | |
| Select / deselect | 157 | |
| Select group hotkey | 158 | |
| Use ability | 42 | |
712 total
» units
| Peon | 13 | |
| Wind Rider | 6 | |
| Goblin Zeppelin | 1 | |
| Blue Drake | 1 | |
21 total
» upgrades
| Armor | 2 | |
| Ranged Weapons | 3 | |
| Envenomed Spears | 1 | |
6 total
» buildings
| Altar of Storms | 1 | |
| Orc Burrow | 4 | |
| Voodoo Lounge | 1 | |
| War Mill | 1 | |
| Stronghold | 1 | |
| Watch Tower | 2 | |
| Fortress | 1 | |
| Beastiary | 2 | |
| Great Hall | 1 | |
14 total
» build order
00:07 Altar of Storms
00:19 Orc Burrow
01:05 Voodoo Lounge
01:26 War Mill
02:23 Stronghold
02:55 Orc Burrow
03:21 Watch Tower
04:47 Fortress
04:49 Beastiary
05:14 Beastiary
05:24 Orc Burrow
08:04 Great Hall
09:04 Watch Tower
09:56 Orc Burrow
» items
| Healing Salve | 1 | |
| Orb of Lightning | 1 | |
2 total
team 2 (loser)

»
Jwood (
green | 35 APM | 1109 actions | 31:23)
4 Dreadlord
2 Sleep
2 Vampiric Aura
2 Death Knight
1 Death Coil
1 Unholy Aura
» actions
| Assign group hotkey | 63 | |
| Basic commands | 215 | |
| Build / train | 82 | |
| Enter build submenu | 16 | |
| Enter hero's abilities submenu | 6 | |
| Remove unit from queue | 4 | |
| Right click | 309 | |
| Select / deselect | 290 | |
| Select group hotkey | 91 | |
| Use ability | 33 | |
1109 total
» units
| Acolyte | 8 | |
| Ghoul | 4 | |
| Crypt Fiend | 14 | |
| Giant Sea Turtle | 1 | |
| Makrura Snapper | 1 | |
| Gargoyle | 21 | |
49 total
» upgrades
| Creature Attack | 3 | |
| Creature Carapace | 3 | |
| Web | 1 | |
7 total
» buildings
| Ziggurat | 11 | |
| Crypt | 3 | |
| Altar of Darkness | 1 | |
| Graveyard | 2 | |
| Necropolis | 1 | |
| Halls of the Dead | 1 | |
| Nerubian Tower | 1 | |
| Spirit Tower | 9 | |
| Tomb of Relics | 1 | |
| Black Citadel | 1 | |
31 total
» build order
00:08 Ziggurat
00:11 Crypt
00:34 Altar of Darkness
01:00 Graveyard
01:10 Graveyard
01:41 Ziggurat
02:09 Ziggurat
06:14 Necropolis
06:22 Halls of the Dead
07:22 Crypt
07:28 Ziggurat
07:30 Ziggurat
07:31 Ziggurat
07:33 Ziggurat
07:39 Ziggurat
09:03 Nerubian Tower
09:05 Spirit Tower
09:05 Spirit Tower
09:10 Spirit Tower
09:10 Spirit Tower
09:32 Tomb of Relics
10:12 Spirit Tower
10:12 Spirit Tower
10:22 Spirit Tower
10:22 Spirit Tower
11:49 Black Citadel
17:50 Crypt
19:04 Spirit Tower
25:08 Ziggurat
25:10 Ziggurat
25:12 Ziggurat
» items
JaguaR- (
red | 45 APM | 1424 actions | 31:27)
3 Mountain King
2 Storm Bolt
1 Bash
1 Naga Sea Witch
1 Frost Arrows
» actions
| Assign group hotkey | 30 | |
| Basic commands | 99 | |
| Build / train | 88 | |
| ESC pressed | 10 | |
| Enter build submenu | 23 | |
| Enter hero's abilities submenu | 4 | |
| Give item / drop item | 1 | |
| Right click | 491 | |
| Select / deselect | 295 | |
| Select group hotkey | 260 | |
| Use ability | 123 | |
1424 total
» units
| Peasant | 19 | |
| Footman | 2 | |
| Rifleman | 11 | |
| Mortar Team | 13 | |
| Flying Machine | 13 | |
58 total
» upgrades
| Long Rifles | 1 | |
| Gunpowder | 3 | |
| Priest Training | 1 | |
| Fragmentation Shards | 1 | |
| Flak Cannons | 2 | |
| Armor | 2 | |
| Flare | 1 | |
11 total
» buildings
| Altar of Kings | 1 | |
| Farm | 12 | |
| Barracks | 1 | |
| Blacksmith | 1 | |
| Lumber Mill | 1 | |
| Arcane Vault | 1 | |
| Keep | 1 | |
| Town Hall | 1 | |
| Scout Tower | 18 | |
| Workshop | 2 | |
| Arcane Sanctum | 1 | |
| Guard Tower | 6 | |
| Castle | 1 | |
| Necropolis | 27 | |
74 total
» build order
00:36 Altar of Kings
00:45 Farm
01:30 Barracks
01:48 Blacksmith
02:31 Farm
03:01 Farm
03:02 Farm
03:03 Farm
03:24 Lumber Mill
04:36 Farm
04:51 Arcane Vault
05:16 Keep
06:27 Town Hall
06:33 Scout Tower
06:34 Scout Tower
06:35 Scout Tower
06:36 Scout Tower
06:38 Scout Tower
06:39 Scout Tower
06:54 Farm
06:55 Farm
06:57 Farm
06:58 Farm
08:00 Workshop
08:07 Arcane Sanctum
08:32 Workshop
08:46 Guard Tower
09:01 Guard Tower
09:01 Guard Tower
09:06 Guard Tower
09:42 Castle
11:43 Farm
11:44 Farm
11:48 Guard Tower
11:49 Guard Tower
19:47 Scout Tower
19:48 Scout Tower
19:49 Scout Tower
19:51 Scout Tower
19:52 Scout Tower
19:55 Scout Tower
19:57 Scout Tower
19:58 Scout Tower
20:00 Scout Tower
20:01 Scout Tower
20:02 Scout Tower
20:03 Scout Tower
25:04 Necropolis
25:06 Necropolis
25:08 Necropolis
25:10 Necropolis
25:11 Necropolis
25:12 Necropolis
25:13 Necropolis
25:15 Necropolis
25:16 Necropolis
25:17 Necropolis
25:18 Necropolis
25:19 Necropolis
25:21 Necropolis
25:21 Necropolis
25:23 Necropolis
25:24 Necropolis
25:25 Necropolis
25:28 Necropolis
25:28 Necropolis
25:31 Necropolis
25:32 Necropolis
25:33 Necropolis
25:35 Necropolis
25:35 Necropolis
25:36 Necropolis
25:37 Necropolis
26:17 Necropolis
» items
| Scroll of Regeneration | 1 | |
| Orb of Fire | 1 | |
2 total
JackPoint (
purple | 58 APM | 1819 actions | 31:27)
7 Archmage
3 Summon Water Elemental
3 Brilliance Aura
1 Mass Teleport
» actions
| Assign group hotkey | 103 | |
| Basic commands | 291 | |
| Build / train | 75 | |
| Enter build submenu | 45 | |
| Enter hero's abilities submenu | 7 | |
| Give item / drop item | 6 | |
| Remove unit from queue | 1 | |
| Right click | 479 | |
| Select / deselect | 428 | |
| Select group hotkey | 260 | |
| Use ability | 124 | |
1819 total
» units
| Peasant | 12 | |
| Footman | 5 | |
| Goblin Shredder | 2 | |
| Gryphon Rider | 15 | |
| Goblin Zeppelin | 3 | |
| Blue Dragon | 2 | |
| Goblin Sapper | 3 | |
42 total
» upgrades
| Masonry | 3 | |
| Storm Hammers | 1 | |
| Swords | 3 | |
| Armor | 3 | |
| Animal War Training | 1 | |
| Cloud | 1 | |
12 total
» buildings
| Altar of Kings | 1 | |
| Barracks | 1 | |
| Farm | 10 | |
| Keep | 1 | |
| Lumber Mill | 1 | |
| Town Hall | 2 | |
| Scout Tower | 26 | |
| Arcane Vault | 2 | |
| Castle | 1 | |
| Guard Tower | 3 | |
| Gryphon Aviary | 4 | |
| Blacksmith | 2 | |
54 total
» build order
00:39 Altar of Kings
00:40 Barracks
00:49 Farm
00:50 Farm
01:04 Farm
01:05 Farm
03:27 Keep
03:38 Lumber Mill
04:30 Town Hall
04:34 Scout Tower
04:38 Scout Tower
04:41 Scout Tower
04:45 Scout Tower
06:07 Arcane Vault
06:10 Castle
06:14 Guard Tower
07:43 Gryphon Aviary
07:43 Gryphon Aviary
07:44 Gryphon Aviary
07:44 Gryphon Aviary
07:47 Blacksmith
07:50 Blacksmith
09:00 Farm
10:50 Scout Tower
10:50 Scout Tower
10:51 Scout Tower
10:51 Scout Tower
10:52 Scout Tower
10:54 Scout Tower
10:54 Scout Tower
10:56 Scout Tower
10:58 Scout Tower
10:59 Scout Tower
10:59 Scout Tower
11:00 Scout Tower
14:07 Guard Tower
15:34 Farm
15:35 Farm
15:36 Farm
15:36 Farm
15:37 Farm
16:07 Town Hall
16:15 Scout Tower
16:15 Scout Tower
16:15 Scout Tower
16:16 Scout Tower
16:18 Arcane Vault
16:20 Scout Tower
16:20 Scout Tower
16:21 Scout Tower
16:22 Scout Tower
16:22 Scout Tower
16:23 Scout Tower
18:09 Guard Tower
» items
| Scroll of Regeneration | 1 | |
| Mechanical Critter | 2 | |
| Staff of Sanctuary | 1 | |
| Staff of Teleportation | 1 | |
| Potion of Lesser Invulnerability | 1 | |
6 total
mrbullet (
pink | 27 APM | 630 actions | 23:06)
3 Lich
2 Frost Nova
1 Frost Armor
» actions
| Basic commands | 2 | |
| Build / train | 39 | |
| ESC pressed | 1 | |
| Enter build submenu | 18 | |
| Enter hero's abilities submenu | 3 | |
| Remove unit from queue | 1 | |
| Right click | 292 | |
| Select / deselect | 256 | |
| Use ability | 18 | |
630 total
» units
| Acolyte | 8 | |
| Ghoul | 5 | |
| Crypt Fiend | 4 | |
| Goblin Zeppelin | 1 | |
| Frost Wyrm | 7 | |
25 total
» upgrades
| Creature Attack | 3 | |
| Creature Carapace | 1 | |
| Web | 1 | |
| Freezing Breath | 1 | |
6 total
» buildings
| Altar of Darkness | 1 | |
| Ziggurat | 8 | |
| Crypt | 1 | |
| Graveyard | 1 | |
| Halls of the Dead | 1 | |
| Black Citadel | 1 | |
| Sacrificial Pit | 1 | |
| Boneyard | 2 | |
16 total
» build order
00:15 Altar of Darkness
00:39 Ziggurat
00:42 Ziggurat
01:09 Crypt
02:43 Graveyard
03:33 Halls of the Dead
06:06 Black Citadel
06:13 Sacrificial Pit
08:19 Ziggurat
08:23 Ziggurat
08:34 Boneyard
09:02 Boneyard
10:19 Ziggurat
11:11 Ziggurat
11:14 Ziggurat
11:16 Ziggurat
Chat log
(01:15 / All) THE_NBA_SUX_LOL: sup
(01:28 / Allies) MrTobi: hippo chims
(01:32 / Allies) THE_NBA_SUX_LOL: wyvern bat
(01:37 / Allies) Kolozal: knight
(02:39 / All) THE_NBA_SUX_LOL: its funny how the media acts like warriors are super team and cavs aren't
(02:41 / All) THE_NBA_SUX_LOL: cavs roste rlooks better
(02:51 / All) Jwood: warriors won
(03:01 / All) THE_NBA_SUX_LOL: doesn't refute my statement
(05:37 / Allies) THE_NBA_SUX_LOL: wood plz will pay back
(05:39 / All) JackPoint: man what the fuck
(05:52 / All) JackPoint: I pull footman back
(06:04 / All) JackPoint: queue back attack and it cuts the fucking walk short so it doesn't take off aggro
(06:20 / All) JackPoint: new patch is dog shit
(06:41 / Allies) THE_NBA_SUX_LOL: wood
(08:22 / Allies) MrTobi: meet now midle
(08:28 / Allies) ZSoft: brt
(08:47 / Allies) MrTobi: meet
(09:06 / Allies) THE_NBA_SUX_LOL: oj did u play wc3 like 10 yrs ago i remember ur name
(10:10 / Allies) THE_NBA_SUX_LOL: stay blue
(10:18 / Allies) Kolozal: wtf men u take all expas
(10:21 / Allies) Kolozal: save expas
(10:23 / Allies) THE_NBA_SUX_LOL: i got 2
(10:24 / Allies) THE_NBA_SUX_LOL: u can have rest
(10:31 / Allies) Kolozal: fuck u
(10:32 / Allies) Kolozal: im leaving
(10:34 / Allies) THE_NBA_SUX_LOL: dude
(10:37 / Allies) THE_NBA_SUX_LOL: ill feed u
(10:56 / Allies) Kolozal: we will lose
(11:01 / Allies) THE_NBA_SUX_LOL: there is 3 mines open wtf
(12:08 / Allies) THE_NBA_SUX_LOL: fight oj
(12:59 / Allies) ZSoft: @%&%$%$&$%@$*
(13:19 / All) ZSoft: gg
(13:24 / Allies) ZSoft: wtf
(13:29 / All) JackPoint: straight up molested you kid
(13:37 / All) JackPoint: I'm like your creepy old uncle
(13:37 / All) ZSoft: no help
(13:39 / All) JackPoint: you like that?
(13:43 / All) JackPoint: 1v1 newbie
(13:44 / All) THE_NBA_SUX_LOL: its one expo and he said gg
(13:52 / Allies) Kolozal: teal noob
(13:56 / Allies) Kolozal: we lose cause u
(13:59 / Allies) Kolozal: asshole
(14:02 / All) THE_NBA_SUX_LOL: jesus this team is full of babies
(18:48 / All) THE_NBA_SUX_LOL: leav enoobs
(19:50 / All) JackPoint: MOLON LABE
(20:57 / All) THE_NBA_SUX_LOL: nice towers noob
(22:28 / All) THE_NBA_SUX_LOL: leav enoobs
(22:47 / All) THE_NBA_SUX_LOL: game is over
(22:50 / All) THE_NBA_SUX_LOL: gimme my win
(23:19 / All) THE_NBA_SUX_LOL: leave jwood noob
(23:22 / All) THE_NBA_SUX_LOL: saying warriors won lawl
(23:23 / All) THE_NBA_SUX_LOL: dumbshit
(23:36 / All) JackPoint: FUCK THE GOLDEN STATE WARRIORS
(24:28 / All) JackPoint: you can run but you most certainly can't hide, newbie
(24:41 / All) THE_NBA_SUX_LOL: dont be a poor sort
(24:48 / All) Jwood: go ahead. kill everything
(24:55 / All) THE_NBA_SUX_LOL: with pleasure
(25:31 / All) Jwood: peace. afk
(25:31 / All) THE_NBA_SUX_LOL: they can't accept that they got owned
(25:39 / All) JackPoint: sore losers
(25:44 / All) JackPoint: we lost fair and square give the man his props
(27:06 / All) THE_NBA_SUX_LOL: red still here lawl
(27:14 / All) THE_NBA_SUX_LOL: i see u mr peasant
(27:37 / All) THE_NBA_SUX_LOL: permission to attack ur base?
(27:53 / All) JackPoint: go ahead
(28:56 / All) JackPoint: Orange did mirror right in my view while we battled like it would fool me lol
(28:59 / All) JackPoint: his mirror item
(29:05 / All) THE_NBA_SUX_LOL: lawl
(29:09 / All) THE_NBA_SUX_LOL: my team were babies
(29:14 / All) THE_NBA_SUX_LOL: Blue said he was gonna leave like 10 min in
(29:17 / All) THE_NBA_SUX_LOL: cuz i had 2 expos
(29:20 / All) THE_NBA_SUX_LOL: we had 3open too
(30:21 / All) JackPoint: Red was a big time newb
(30:25 / All) JackPoint: he lost it for us
(30:29 / All) JackPoint: So really you just 1v3'd
(30:32 / All) JackPoint: well
(30:40 / All) JackPoint: 1v2.5, I think green only counts as half a player
(30:41 / All) THE_NBA_SUX_LOL: yea. i played pretty good this game
(30:43 / All) THE_NBA_SUX_LOL: ur team didnt do good
(30:44 / All) JackPoint: he was pretty shitty too
(30:55 / All) JackPoint: sorry we couldn't give you a better game
(30:57 / All) THE_NBA_SUX_LOL: u wer epretty amazin purp
(30:59 / All) THE_NBA_SUX_LOL: u got oj's expo
(31:00 / All) JackPoint: but I was hamstringed by noobs
(31:09 / All) THE_NBA_SUX_LOL: u had mass tp really quick
(31:17 / All) JackPoint: orange got slaughtered
(31:18 / All) THE_NBA_SUX_LOL: oj wouldnt help yellow fight red but he owuld tp to his expo
(31:24 / All) JackPoint: and tried to blame team